 Dungeon Crawl Stone Soup version 0.30.0-20-g3615ddf2f0 (webtiles) character file.

Game seed: 3399973351028654238

185 qw the Chopper (level 5, -4/32 HPs)
             Began as a Gargoyle Fighter on May 29, 2023.
             Slain by a goblin
             ... wielding a +0 falchion
              (6 damage)
             ... on level 3 of the Dungeon.
             The game lasted 00:00:59 (1803 turns).

qw the Chopper (Gargoyle Fighter)                   Turns: 1803, Time: 00:01:00

Health: -4/32      AC: 10    Str: 22    XL:     5   Next: 64%
Magic:  5/5        EV:  5    Int:  8    God:
Gold:   74         SH:  0    Dex:  9    Spells: 4/4 levels left

rFire   . . .        Y - +1 war axe
rCold   . . .        c - +0 buckler
rNeg    + . .        b - +0 scale mail
rPois   inf          (no helmet)
rElec   +            (no cloak)
rCorr   .            (no gloves)
SInv    .            (no boots)
Will    .....        (no amulet) Stlth
                     (no ring)
HPRegen 0.25/turn    (no ring)
MPRegen 0.09/turn

%: no passive effects
@: held
A: sickness immunity, AC +4, negative energy resistance 1, electricity
resistance, torment resistance 1, petrification resistance
a: no special abilities


You were on level 3 of the Dungeon.
You visited 1 branch of the dungeon, and saw 3 of its levels.

You collected 164 gold pieces.
You spent 90 gold pieces at shops.


Innate Abilities, Weirdness & Mutations

You are immune to sickness and miasma.
Your stone body is resilient. (AC +4)
You are immune to poison.
You resist negative energy. (rN+)
You are resistant to electric shocks. (rElec)
You are resistant to unholy torment.
You are immune to petrification.


   Skills:
 + Level 3.3 Fighting
 - Level 5.2 Axes
 - Level 3.2 Armour
 - Level 3.2 Shields


You had 4 spell levels left.
You didn't know any spells.
Your spell library was empty.

Inventory:

Hand Weapons
 f - a +2 mace of protection
 Y - a +1 war axe (weapon)
Armour
 b - a +0 scale mail (worn)
 c - a +0 buckler (worn)
 g - a +0 helmet
Scrolls
 a - a scroll of blinking {unknown}
 k - 2 scrolls of identify
 l - a scroll of enchant armour
 o - a scroll of teleportation
Potions
 d - a potion of might
 e - a potion of brilliance {unknown}
 h - a potion of curing {unknown}
 i - 2 potions of degeneration {unknown}
 j - a potion of attraction {unknown}
 m - a potion of flight {unknown}
 n - a potion of lignification {unknown}

Dungeon Overview and Level Annotations

Branches:
Dungeon (3/15)

Altars:
Elyvilon

Shops:
D:1 [   D:2 ??=


Message History

The hobgoblin shouts!
The adder bites you but does no damage. The adder bites you but does no damage.
The goblin drinks a potion.
The goblin goes berserk!
The adder bites you but does no damage. The hobgoblin barely misses you.
The goblin rages.
The adder bites you but does no damage.
The hobgoblin hits you but does no damage.
The adder bites you but does no damage. The goblin hits you but does no damage.
The rat bites you but does no damage. The goblin barely misses you.
The adder bites you but does no damage. The hobgoblin barely misses you.
The rat barely misses you. The goblin hits you but does no damage.
The adder bites you but does no damage.
The hobgoblin hits you but does no damage.
The goblin completely misses you. The rat bites you but does no damage.
The adder bites you but does no damage. The goblin hits you with a +0 falchion.
The hobgoblin hits you but does no damage.
The rat bites you but does no damage. The adder barely misses you.
The goblin hits you but does no damage. The adder bites you but does no damage.
The hobgoblin hits you but does no damage.
The goblin hits you with a +0 falchion. The rat barely misses you.
The goblin hits you but does no damage. The adder bites you but does no damage.
The hobgoblin barely misses you. The rat bites you.
1801 ||| UPGRADING to +0 helmet.
The goblin hits you with a +0 falchion!
Keep equipping yourself?
The adder bites you but does no damage.
The hobgoblin hits you but does no damage.
The goblin hits you with a +0 falchion. The rat closely misses you.
You start putting on your armour.
You continue putting on your +0 helmet.
The adder bites you but does no damage. The goblin hits you with a +0 falchion.
The adder barely misses you.
The hobgoblin hits you but does no damage.
The rat barely misses you.
You continue putting on your +0 helmet.
The goblin hits you but does no damage. The adder bites you but does no damage.
The hobgoblin hits you but does no damage.
The goblin hits you with a +0 falchion.
You die...

#..# .. #.#.# # #..#
..#.##.(. #.#.# # #..#
.#..##.#####...# # #..#
..#...#'#..)..### # #..#
.'#........##.# #..#
##........###.#####
#..####.........#.#......
#......rSg.....#'.#..####
#..####.@g......#.#..#
#..# ##........###..#
#..# '#........##..# #..#
..#...#'#......# ##.#
...#..##.#####.##
#.##...#.##... #.#
#.####.#.#...). #.#
#.######.#########.#
#..................#


You could see an adder, a hobgoblin, a goblin (berserk) and a rat.

Vanquished Creatures
  A scorpion (D:3)
  Jessica (D:2)
  An iguana (D:3)
  2 adders
  A worm (D:2)
  2 orcs (D:3)
  5 ball pythons (D:2)
  A bat (D:2)
  2 giant cockroaches
  4 goblins
  9 hobgoblins
  4 jackals
  5 kobolds
  3 quokkas
  3 frilled lizards
  9 rats
53 creatures vanquished.

Notes
Turn   | Place    | Note
-------+----------+-------------------------------------------
     0 | D:1      | qw the Gargoyle Fighter began the quest for the Orb.
     0 | D:1      | Reached XP level 1. HP: 14/14 MP: 1/1
     0 | D:1      | 0 ||| qw: Version: 0.2-a-101-gf424e7f
     0 | D:1      | 0 ||| qw: Game counter: 287
     0 | D:1      | 0 ||| qw: Always use a shield: true
     0 | D:1      | 0 ||| qw: God list: Okawaru
     0 | D:1      | 0 ||| qw: Allow faded altars: false
     0 | D:1      | 0 ||| qw: Do Orc after D:15 true
     0 | D:1      | 0 ||| qw: Do second Lair branch before Depths: true
     0 | D:1      | 0 ||| qw: Lair rune preference: random
     0 | D:1      | 0 ||| qw: Plans: Normal, Zot:1-4, Slime:5, God:TSO, Crypt,
                  | Tomb, Pan, Hells, Abyss, Win
     0 | D:1      | 0 ||| PLANNING D:1-11
     7 | D:1      | Found Ankid's Armour Shop.
    25 | D:1      | 25 ||| SHOPLISTING +0 helmet (49 gold, have 0).
    25 | D:1      | 25 ||| SHOPLISTING +0 pair of boots (49 gold, have 0).
    25 | D:1      | 25 ||| SHOPLISTING +0 pair of gloves (49 gold, have 0).
    25 | D:1      | 25 ||| SHOPLISTING +0 plate armour of Ahenuu {Fly rPois
                  | Str-3} (330 gold, have 0).
    25 | D:1      | 25 ||| SHOPLISTING +3 scale mail of fire resistance (286
                  | gold, have 0).
    25 | D:1      | 25 ||| SHOPLISTING +6 scale mail of Jogaogyid {Will+ rCorr}
                  | (574 gold, have 0).
    53 | D:1      | Reached skill level 2 in Axes
   270 | D:1      | Reached XP level 2. HP: 19/19 MP: 2/2
   428 | D:1      | 428 ||| READING scroll labelled ZELYUQ NOINATU.
   429 | D:1      | 429 ||| READING scroll labelled HUCWUDGH ILURU.
   478 | D:2      | 478 ||| DROPPING +0 club.
   559 | D:2      | 559 ||| Stepping ~*~*~tactically~*~*~ (stealth).
   566 | D:2      | Reached skill level 3 in Axes
   572 | D:2      | Reached XP level 3. HP: 18/23 MP: 3/3
   617 | D:2      | Found Oxoorr's Jewellery Shop.
   636 | D:2      | 636 ||| SHOPLISTING +6 ring of strength (396 gold, have
                  | 25).
   636 | D:2      | 636 ||| SHOPLISTING amulet of the Omega Point {Faith -Cast
                  | Regen+ Dex+7} (601 gold, have 25).
   636 | D:2      | 636 ||| SHOPLISTING ring "Cenig" {rC+ rN+ Will- AC+4 Int+7}
                  | (711 gold, have 25).
   636 | D:2      | 636 ||| SHOPLISTING ring of fire (275 gold, have 25).
   636 | D:2      | 636 ||| SHOPLISTING ring of protection from cold (275 gold,
                  | have 25).
   636 | D:2      | 636 ||| SHOPLISTING ring of willpower (275 gold, have 25).
   686 | D:2      | 686 ||| Stepping ~*~*~tactically~*~*~ (stealth).
  1021 | D:2      | Found Uddil's Magic Scroll Shoppe.
  1029 | D:2      | Noticed Jessica
  1031 | D:2      | Found Jaosin's Magic Scroll Shoppe.
  1038 | D:2      | Killed Jessica
  1039 | D:2      | Reached skill level 4 in Axes
  1039 | D:2      | Reached XP level 4. HP: 23/28 MP: 4/4
  1061 | D:2      | 1061 ||| BUYING scroll of enchant armour (90 gold).
  1061 | D:2      | Bought a scroll of enchant armour for 90 gold pieces
  1061 | D:2      | 1061 ||| SHOPLISTING scroll of identify (24 gold, have 4).
  1065 | D:2      | 1065 ||| SHOPLISTING scroll of identify (28 gold, have 4).
  1065 | D:2      | 1065 ||| SHOPLISTING scroll of teleportation (42 gold, have
                  | 4).
  1284 | D:2      | 1284 ||| READING scroll labelled MAOL IMUOSK.
  1288 | D:2      | 1288 ||| READING scroll labelled OLEL POSTRALIO.
  1345 | D:3      | HP: 5/28 [iguana (7)]
  1350 | D:3      | 1350 ||| Stepping ~*~*~tactically~*~*~ (stealth).
  1399 | D:3      | 1399 ||| Stepping ~*~*~tactically~*~*~ (stealth).
  1400 | D:3      | 1400 ||| Stepping ~*~*~tactically~*~*~ (stealth).
  1441 | D:3      | Found a white marble altar of Elyvilon.
  1577 | D:3      | Reached XP level 5. HP: 32/32 MP: 5/5
  1579 | D:3      | Found a faded altar of an unknown god.
  1661 | D:3      | Reached skill level 5 in Axes
  1789 | D:3      | 1789 ||| Stepping ~*~*~tactically~*~*~ (stealth).
  1791 | D:3      | 1791 ||| Stepping ~*~*~tactically~*~*~ (stealth).
  1801 | D:3      | 1801 ||| UPGRADING to +0 helmet.
  1801 | D:3      | HP: 5/32 [goblin/+0 falchion (5)]
  1802 | D:3      | HP: 2/32 [goblin/+0 falchion (4)]
  1803 | D:3      | Slain by a goblin

Levels and vault maps discovered:
D:1:      minmay_arrival_diagonal_passages, layout_rooms, serial_shops, shop
D:2:      minmay_recursive_quarters, layout_basic, serial_shops,
          nicolae_shop_gaudy_bauble, shop, shop, uniq_jessica
D:3:      layout_rooms, mainiacjoe_overflow_24_doors,
          ebering_ecumenical_altar_hall, minmay_pentangle

Skill      XL: |  1  2  3  4  5 |
---------------+----------------+-----
Axes           | 2 3 4 5 |  5.2
Fighting       | |  3.3
Armour         | |  3.2
Shields        | |  3.2

Action                     |  1- 3 |  4- 6 || total
---------------------------+-------+-------++-------
  Melee: War axe           |   119 |    33 ||   152
    Use: Scroll            |     2 |     2 ||     4
   Stab: Distracted        |       |     1 ||     1
 Armour: Scale mail        |    69 |    40 ||   109
  Dodge: Dodged            |    46 |    21 ||    67
  Block: Buckler           |    26 |     5 ||    31

Table legend:
 A = Non-vault XP
 B = Vault XP
 C = Vault XP percentage of total XP
 D = Non-vault monster count
 E = Vault monster count
 F = Vault count percentage of total count
                 A         B        C        D         E       F
            +---------+---------+-------+---------+---------+-------
      Total |     218 |      47 |  17.7 |      48 |       5 |   9.4
            +---------+---------+-------+---------+---------+-------
        D:1 |      22 |       0 |   0.0 |      14 |       0 |   0.0
        D:2 |      49 |      47 |  49.0 |      22 |       5 |  18.5
        D:3 |     147 |       0 |   0.0 |      12 |       0 |   0.0
            +---------+---------+-------+---------+---------+-------
